 Dungeon Crawl Stone Soup version 0.31-a0-237-g2d982f9f85 (webtiles) character file.

Game seed: 10342810653737303654

67 qw the Shooter (level 4, -3/26 HPs)
             Began as a Gargoyle Hexslinger on July 10, 2023.
             Slain by Grinder (8 damage)
             ... on level 2 of the Dungeon.
             The game lasted 00:00:43 (1655 turns).

qw the Shooter (Gargoyle Hexslinger)                Turns: 1655, Time: 00:00:43

Health: -3/26      AC:  9    Str: 11    XL:     4   Next: 18%
Magic:  5/5        EV: 15    Int: 14    God:
Gold:   58         SH:  0    Dex: 14    Spells: 4/5 levels left

rFire   . . .        Y - +1 sling
rCold   . . .        (no shield)
rNeg    + . .        f - +0 ring mail
rPois   inf          (no helmet)
rElec   +            (no cloak)
rCorr   .            e - +0 pair of gloves
SInv    .            (no boots)
Will    .....        (no amulet)
Stlth   +            g - +5 ring of evasion
HPRegen 0.24/turn    (no ring)
MPRegen 0.09/turn

%: no passive effects
@: no status effects
A: sickness immunity, AC +3, negative energy resistance 1, electricity
resistance, torment resistance 1, petrification resistance
a: no special abilities


You were on level 2 of the Dungeon.
You visited 1 branch of the dungeon, and saw 3 of its levels.

You collected 58 gold pieces.


Innate Abilities, Weirdness & Mutations

You are immune to sickness and miasma.
Your stone body is resilient. (AC +3)
You are immune to poison.
You resist negative energy. (rN+)
You are resistant to electric shocks. (rElec)
You are resistant to unholy torment.
You are immune to petrification.


   Skills:
 - Level 2.0 Fighting
 - Level 3.9 Ranged Weapons
 + Level 0.4 Armour
 - Level 1.5 Dodging
 - Level 1.0 Spellcasting
 - Level 2.6 Hexes


You had 4 spell levels left.
You knew the following spells:

 Your Spells              Type           Power      Damage    Failure   Level
a - Slow                  Hex            32%        N/A       22%         1

Your spell library contained the following spells:

 Spells                   Type           Power      Damage    Failure   Level
 Inner Flame              Hex/Fire       4%         N/A       73%         3
 Portal Projectile        Hex/Tloc       8%         N/A       73%         3
 Cause Fear               Hex            4%         N/A       91%         4

Inventory:

Hand Weapons
 Y - a +1 sling (weapon)
Armour
 e - a +0 pair of gloves (worn)
 f - a +0 ring mail (worn)
Jewellery
 g - a +5 ring of evasion (left hand)
Scrolls
 a - a scroll of identify
Potions
 i - a potion of curing

Dungeon Overview and Level Annotations

Branches:
Dungeon (3/15)

Altars:

Annotations:
D:2 Grinder


Message History

The bat hits you but does no damage. The bat completely misses you.
You shoot a sling bullet.
The sling bullet closely misses the bat.
The bat misses you. The bat hits you.
You shoot a sling bullet. The sling bullet hits the bat!
You kill the bat!
You shoot a sling bullet. The sling bullet barely misses Grinder.
Grinder hits you.
You writhe in agony.
1646 ||| STAIRDANCE Grinder misses you.
You climb upwards.
There is a stone staircase leading down here.
You shoot a sling bullet. The sling bullet hits Grinder.
Grinder is lightly wounded.
Grinder completely misses you.
You shoot a sling bullet. The sling bullet hits Grinder.
Grinder is lightly wounded.
Grinder misses you.
You shoot a sling bullet.
The sling bullet hits Grinder but does no damage.
Grinder is lightly wounded.
Grinder hits you. x2
You shoot a sling bullet. The sling bullet hits Grinder.
Grinder is moderately wounded.
Grinder misses you.
You shoot a sling bullet. The sling bullet hits Grinder.
Grinder is moderately wounded.
Grinder hits you but does no damage.
You shoot a sling bullet. The sling bullet hits Grinder.
Grinder is heavily wounded.
Grinder says, "Tell me all your secrets, or I'll kill you."
Grinder gestures at you. You resist with significant effort. Grinder hits you.
You writhe in agony.
You shoot a sling bullet. The sling bullet hits Grinder.
Grinder is heavily wounded.
Grinder hits you.
You writhe in agony.
You shoot a sling bullet.
The sling bullet closely misses Grinder.
Grinder hits you!
You die...

#........###..##.#......#..##
#..#.#...# #.##.#####.(....#
#..(.....# ###.## #..##.##
#.##¤###.# ###.# #).##.#
#.##.# #¤# ##'### #.)##.#
#.##¤###¤###...## #.....#
#.¤¤¤¤¤¤¤##.....## ##.####
###¤.#####...5...## #..##
##...####....@....####...#####
#.......'.........'...........
##.<.####.........####...#####
##..# ##.......## #..#####
##.# ##.....## #.##<..# ###.#
##...## #......# #...# ##'##
####...# #.### #.# ##.##
####.#### #.# ##########.#


You could see Grinder.

Vanquished Creatures
  An adder (D:2)
  4 dart slugs (D:2)
  3 bats
  8 endoplasms
  3 goblins
  4 hobgoblins
  3 jackals
  4 kobolds
  3 quokkas
  6 ball pythons
  2 frilled lizards (D:2)
  4 rats
45 creatures vanquished.

Notes
Turn   | Place    | Note
-------+----------+-------------------------------------------
     0 | D:1      | qw the Gargoyle Hexslinger began the quest for the Orb.
     0 | D:1      | Reached XP level 1. HP: 12/12 MP: 2/2
     0 | D:1      | 0 ||| qw: Version: 0.3-a-52-g30416fa
     0 | D:1      | 0 ||| qw: Game counter: 5012
     0 | D:1      | 0 ||| qw: Melee chars always use a shield: true
     0 | D:1      | 0 ||| qw: God list: Okawaru
     0 | D:1      | 0 ||| qw: Allow faded altars: false
     0 | D:1      | 0 ||| qw: Do Orc after clearing Dungeon:15 true
     0 | D:1      | 0 ||| qw: Do second Lair branch before Depths: true
     0 | D:1      | 0 ||| qw: Lair rune preference: random
     0 | D:1      | 0 ||| qw: Goals: Normal
     0 | D:1      | 0 ||| PLANNING D:1-11
   182 | D:1      | Reached XP level 2. HP: 6/16 MP: 3/3
   364 | D:1      | Reached skill level 3 in Ranged Weapons
   405 | D:1      | Found a faded altar of an unknown god.
   645 | D:1      | 645 ||| UPGRADING to +0 ring mail.
   655 | D:1      | 655 ||| DROPPING +0 robe.
   656 | D:1      | 656 ||| UPGRADING to +5 ring of evasion.
   657 | D:1      | 657 ||| READING 3 scrolls labelled SIYGEINOLI.
   658 | D:1      | 658 ||| READING scroll labelled ULOALE QUOXZYH.
   659 | D:1      | 659 ||| READING 2 scrolls of identify.
   659 | D:1      | 659 ||| IDENTIFYING white potion
   660 | D:1      | 660 ||| DROPPING scroll of poison.
   661 | D:1      | 661 ||| DROPPING potion of ambrosia.
   766 | D:2      | Reached XP level 3. HP: 21/21 MP: 4/4
  1301 | D:2      | Reached XP level 4. HP: 26/26 MP: 5/5
  1587 | D:2      | 1587 ||| UPGRADING to +0 pair of gloves.
  1592 | D:2      | 1592 ||| DROPPING amulet of magic regeneration.
  1593 | D:2      | 1593 ||| READING 5 scrolls labelled ETENEU GOUDO.
  1594 | D:2      | 1594 ||| READING scroll labelled SUOHOU WOLI.
  1595 | D:2      | 1595 ||| DRINKING 2 bubbling silvery potions.
  1596 | D:2      | 1596 ||| READING 2 scrolls of identify.
  1596 | D:2      | 1596 ||| IDENTIFYING fizzy cyan potion
  1597 | D:2      | 1597 ||| DROPPING 4 scrolls of noise.
  1598 | D:2      | 1598 ||| DROPPING potion of invisibility.
  1619 | D:3      | Noticed Grinder
  1626 | D:3      | 1626 ||| STAIRDANCE
  1646 | D:3      | 1646 ||| STAIRDANCE
  1654 | D:2      | HP: 5/26 [Grinder (3)]
  1655 | D:2      | Slain by Grinder

Levels and vault maps discovered:
D:1:      dpeg_arrival_oval, layout_basic, hellmonk_ecumenical_altar_crossroads
D:2:      layout_loops_corners, amethyst_killhole
D:3:      layout_loops_ring, uniq_grinder

Skill      XL: |  1  2 |
---------------+-------+-----
Ranged Weapons | 3 |  3.9
Fighting       | 2 |  2.0
Armour         | |  0.4
Dodging        | |  1.5
Spellcasting   | |  1.0
Hexes          | |  2.6

Action                     |  1- 3 |  4- 6 || total
---------------------------+-------+-------++-------
   Fire: Sling             |   127 |    42 ||   169
    Use: Scroll            |     3 |     3 ||     6
         Potion            |       |     1 ||     1
 Armour: Robe              |    10 |       ||    10
         Ring mail         |    10 |    12 ||    22
  Dodge: Dodged            |    35 |    35 ||    70

Table legend:
 A = Non-vault XP
 B = Vault XP
 C = Vault XP percentage of total XP
 D = Non-vault monster count
 E = Vault monster count
 F = Vault count percentage of total count
                 A         B        C        D         E       F
            +---------+---------+-------+---------+---------+-------
      Total |      97 |       0 |   0.0 |      45 |       0 |   0.0
            +---------+---------+-------+---------+---------+-------
        D:1 |      32 |       0 |   0.0 |      19 |       0 |   0.0
        D:2 |      59 |       0 |   0.0 |      23 |       0 |   0.0
        D:3 |       6 |       0 |   0.0 |       3 |       0 |   0.0
            +---------+---------+-------+---------+---------+-------
